[Event "EYCC Open-U18 2019"]
[Site "Bratislava"]
[Date "2019.08.04"]
[Round "3.27"]
[White "Pirard, Natan"]
[Black "Guerra Rivera, Salvador"]
[Result "0-1"]
[ECO "B29"]
[WhiteElo "2153"]
[BlackElo "2355"]
[Annotator "NA"]
[PlyCount "136"]
[EventDate "2019.08.02"]
[EventType "swiss"]
[EventCountry "SVK"]
[SourceTitle "playchess.com"]
[Source "ChessBase"]
[SourceQuality "1"]
[TimeControl "40/5400+30:1800+30"]

1. e4 c5 2. Nf3 Nf6 3. e5 Nd5 4. Nc3 Nxc3 5. dxc3 e6 6. Bf4 Qb6 7. b3 Nc6 8. Bd3 Qc7 9. Bg3 h6 10. O-O b6 11. Qe2 Bb7 12. Rad1 Ne7 13. Nd2 O-O-O 14. a4 g5 15. Be4 Nf5 16. Nc4 Bxe4 17. Qxe4 Qc6 18. f3 Be7 19. Bf2 h5 20. a5 b5 21. Nd2 d5 22. exd6 Rxd6 23. c4 b4 24. Qxc6+ Rxc6 25. Ne4 Rg8 26. c3 bxc3 27. Nxc3 Ra6 28. Nb5 Rd8 29. b4 cxb4 30. Nxa7+ Kb7 31. Bb6 Rxb6 32. axb6 Ne3 33. Rxd8 Bxd8 34. Rb1 Bxb6 35. Nb5 Nxc4+ 36. Kh1 Bc5 37. Nc3 Kc6 38. Ne4 Be7 39. Kg1 g4 40. Kf2 f5 41. Ng3 Na3 42. Rb2 h4 43. Nf1 Nc4 44. Rb1 Kb5 45. fxg4 fxg4 46. Ke2 Bg5 47. Kd3 e5 48. Ke4 Bf4 49. Rd1 b3 50. g3 hxg3 51. hxg3 Bh6 52. Kf5 b2 53. Rb1 Bc1 54. Kxg4 Kc5 55. Kf5 Kd4 56. g4 Na3 57. Rxb2 Bxb2 58. Ng3 Nc4 59. g5 Kd5 60. g6 Nd6+ 61. Kf6 e4+ 62. Ke7 e3 63. Kf8 Ne4 64. Ne2 Ng5 65. Kg8 Ke4 66. Ng1 Kf4 67. Kf8 Kg3 68. Ne2+ Kf3 0-1

[Event "EYCC Open-U18 2019"]
[Site "Bratislava"]
[Date "2019.08.04"]
[Round "3.28"]
[White "Leisch, Lukas"]
[Black "Pobor, Danilo"]
[Result "1-0"]
[ECO "B89"]
[WhiteElo "2327"]
[BlackElo "1996"]
[Annotator "NA"]
[PlyCount "71"]
[EventDate "2019.08.02"]
[EventType "swiss"]
[EventCountry "SVK"]
[SourceTitle "playchess.com"]
[Source "ChessBase"]
[SourceQuality "1"]
[TimeControl "40/5400+30:1800+30"]

1. e4 c5 2. Nf3 Nc6 3. d4 cxd4 4. Nxd4 Nf6 5. Nc3 d6 6. Bc4 e6 7. Be3 a6 8. Bb3 Be7 9. O-O O-O 10. f4 Na5 11. Qf3 b5 12. e5 Bb7 13. exf6 Bxf3 14. fxe7 Qxe7 15. Rxf3 Nxb3 16. axb3 b4 17. Ne4 g6 18. Nc6 Qb7 19. Nf6+ Kg7 20. Na5 Qc8 21. Bd4 e5 22. fxe5 dxe5 23. Be3 Qxc2 24. Raf1 Rfd8 25. R3f2 Qc7 26. Nc4 h5 27. Bb6 Qe7 28. Re2 Rdb8 29. Rxe5 Qxe5 30. Nxe5 Rxb6 31. Nfd7 Rd6 32. Rxf7+ Kh6 33. h4 Rh8 34. Re7 Rd1+ 35. Kh2 Ra8 36. Nf7+ 1-0

[Event "EYCC Open-U18 2019"]
[Site "Bratislava"]
[Date "2019.08.04"]
[Round "3.29"]
[White "Iliaguev, Nisim"]
[Black "Anghelus, Alin-Gabriel"]
[Result "1/2-1/2"]
[ECO "A13"]
[WhiteElo "2357"]
[BlackElo "2107"]
[Annotator "NA"]
[PlyCount "52"]
[EventDate "2019.08.02"]
[EventType "swiss"]
[EventCountry "SVK"]
[SourceTitle "playchess.com"]
[Source "ChessBase"]
[SourceQuality "1"]
[TimeControl "40/5400+30:1800+30"]

1. c4 e6 2. g3 d5 3. Bg2 dxc4 4. Nf3 Nc6 5. Qa4 Bd7 6. Qxc4 Nf6 7. O-O a6 8. d4 Nb4 9. Nc3 b5 10. Qb3 c5 11. a3 Nc6 12. dxc5 Bxc5 13. Bg5 Be7 14. Rad1 O-O 15. Rd3 Qc7 16. Rc1 Na5 17. Qd1 Bc6 18. e4 Nc4 19. Qe2 h6 20. Bf4 Qb7 21. Nd4 e5 22. Nxc6 Qxc6 23. Bd2 Nxd2 24. Qxd2 Rac8 25. Rd1 Bc5 26. h3 Bd4 1/2-1/2

[Event "EYCC Open-U18 2019"]
[Site "Bratislava"]
[Date "2019.08.04"]
[Round "3.30"]
[White "Galiana Fernandez, Adrian"]
[Black "Pektas, Yigit"]
[Result "1/2-1/2"]
[ECO "B18"]
[WhiteElo "2302"]
[BlackElo "2111"]
[Annotator "NA"]
[PlyCount "133"]
[EventDate "2019.08.02"]
[EventType "swiss"]
[EventCountry "SVK"]
[SourceTitle "playchess.com"]
[Source "ChessBase"]
[SourceQuality "1"]
[TimeControl "40/5400+30:1800+30"]

1. e4 c6 2. d4 d5 3. Nc3 dxe4 4. Nxe4 Bf5 5. Ng3 Bg6 6. Nf3 Nd7 7. Bd3 e6 8. O-O Ngf6 9. Re1 Bd6 10. Bg5 Qc7 11. c4 O-O 12. Rc1 Bxd3 13. Qxd3 h6 14. Bd2 c5 15. d5 exd5 16. cxd5 Bxg3 17. hxg3 Qd6 18. Red1 Qxd5 19. Qxd5 Nxd5 20. Bxh6 N7f6 21. Bg5 Rac8 22. Rd2 b5 23. Rcd1 Nb6 24. Bxf6 gxf6 25. Rd6 Nc4 26. Rxf6 Nxb2 27. Rd5 Rfd8 28. Rg5+ Kf8 29. Ne5 Rc7 30. Rgf5 Rd1+ 31. Kh2 Rd5 32. f4 c4 33. Rxf7+ Rxf7 34. Rxf7+ Ke8 35. Rc7 Na4 36. g4 c3 37. g5 Rc5 38. Rxa7 c2 39. Nd3 c1=Q 40. Nxc1 Rxc1 41. f5 Nc5 42. f6 Nd7 43. f7+ Kxf7 44. Rxd7+ Kg6 45. Rd6+ Kh5 46. Kg3 Rc2 47. Ra6 b4 48. g6 Kh6 49. Kf3 Rb2 50. g4 b3 51. a4 Ra2 52. g5+ Kg7 53. Kg4 b2 54. Rb6 Rxa4+ 55. Kh5 Ra1 56. Rb7+ Kg8 57. Rb8+ Kg7 58. Rb7+ Kg8 59. Rxb2 Rh1+ 60. Kg4 Kg7 61. Rb6 Rg1+ 62. Kf5 Rf1+ 63. Ke5 Re1+ 64. Kf4 Rf1+ 65. Ke3 Re1+ 66. Kf3 Rf1+ 67. Ke4 1/2-1/2

[Event "EYCC Open-U18 2019"]
[Site "Bratislava"]
[Date "2019.08.04"]
[Round "3.31"]
[White "Mladek, Richard"]
[Black "Cordeiro, Joao Carlos Santos F"]
[Result "1-0"]
[ECO "C95"]
[WhiteElo "2253"]
[BlackElo "1924"]
[Annotator "NA"]
[PlyCount "101"]
[EventDate "2019.08.02"]
[EventType "swiss"]
[EventCountry "SVK"]
[SourceTitle "playchess.com"]
[Source "ChessBase"]
[SourceQuality "1"]
[TimeControl "40/5400+30:1800+30"]

1. e4 e5 2. Nf3 Nc6 3. Bb5 a6 4. Ba4 Nf6 5. O-O b5 6. Bb3 Be7 7. Re1 d6 8. c3 Nb8 9. h3 O-O 10. d4 Nbd7 11. Nbd2 Bb7 12. Bc2 Re8 13. Nf1 Bf8 14. Ng3 g6 15. a4 c5 16. d5 Qc7 17. Nh2 Bg7 18. Be3 c4 19. Qd2 Nc5 20. Bh6 Bxh6 21. Qxh6 Qe7 22. f4 Qf8 23. Qg5 Qg7 24. f5 h6 25. Qe3 g5 26. Ng4 Nxg4 27. hxg4 f6 28. Kf2 Kf8 29. Rh1 Ke7 30. Nf1 Rh8 31. Nd2 Qf8 32. b4 Nd7 33. Rh5 Qg7 34. Nb1 Qf8 35. Na3 Qd8 36. Rah1 Qf8 37. Ke2 a5 38. Nxb5 axb4 39. cxb4 Rc8 40. Qh3 Ba6 41. Nc3 Rb8 42. b5 Bc8 43. Rxh6 Rxh6 44. Qxh6 Qxh6 45. Rxh6 Kd8 46. Nd1 Kc7 47. Ne3 Kb6 48. Nxc4+ Kc5 49. Kd3 Kb4 50. Nxd6 Nc5+ 51. Kd2 1-0

[Event "EYCC Open-U18 2019"]
[Site "Bratislava"]
[Date "2019.08.04"]
[Round "3.32"]
[White "Toquero Gracia, Pau"]
[Black "Halfhide, Sebastian"]
[Result "1/2-1/2"]
[ECO "B50"]
[WhiteElo "2080"]
[BlackElo "2286"]
[Annotator "NA"]
[PlyCount "69"]
[EventDate "2019.08.02"]
[EventType "swiss"]
[EventCountry "SVK"]
[SourceTitle "playchess.com"]
[Source "ChessBase"]
[SourceQuality "1"]
[TimeControl "40/5400+30:1800+30"]

1. e4 c5 2. Nf3 d6 3. c3 Nf6 4. Be2 Bd7 5. d3 g6 6. Nbd2 Bg7 7. O-O O-O 8. Qc2 Nc6 9. b3 Ne8 10. Bb2 Nc7 11. d4 cxd4 12. Nxd4 d5 13. Nxc6 Bxc6 14. exd5 Nxd5 15. c4 Nb4 16. Qc1 Nd3 17. Bxd3 Bxb2 18. Qxb2 Qxd3 19. Rfd1 Rfd8 20. Qb1 Qc3 21. Nf1 a5 22. Qc1 Qb4 23. Qc2 a4 24. Rxd8+ Rxd8 25. Rd1 Rd6 26. Rxd6 Qxd6 27. Ne3 Qd4 28. h3 a3 29. Qd1 Qb2 30. Qd8+ Kg7 31. Qxe7 Qxa2 32. Qe5+ Kf8 33. Qh8+ Ke7 34. Qe5+ Kd7 35. Nd5 1/2-1/2

[Event "EYCC Open-U18 2019"]
[Site "Bratislava"]
[Date "2019.08.04"]
[Round "3.33"]
[White "Rodriguez Izquierdo, Luis"]
[Black "Crevatin, Leo"]
[Result "0-1"]
[ECO "B12"]
[WhiteElo "2007"]
[BlackElo "2146"]
[Annotator "NA"]
[PlyCount "78"]
[EventDate "2019.08.02"]
[EventType "swiss"]
[EventCountry "SVK"]
[SourceTitle "playchess.com"]
[Source "ChessBase"]
[SourceQuality "1"]
[TimeControl "40/5400+30:1800+30"]

1. e4 c6 2. d4 d5 3. e5 c5 4. dxc5 e6 5. a3 Bxc5 6. b4 Bb6 7. Nf3 Ne7 8. Bd3 a5 9. b5 Ng6 10. Bb2 Nd7 11. O-O O-O 12. Re1 Nc5 13. g3 Na4 14. Bd4 Bxd4 15. Nxd4 Nb2 16. Qd2 Nxd3 17. Qxd3 f6 18. f4 fxe5 19. fxe5 Qg5 20. Qe3 Qg4 21. Nd2 Bd7 22. Rf1 h5 23. c4 dxc4 24. a4 Rxf1+ 25. Rxf1 Rc8 26. Ne4 h4 27. Nd6 Rc5 28. Nxb7 Rxe5 29. Qf2 Rd5 30. Nc6 Rf5 31. Qe1 Rxf1+ 32. Qxf1 hxg3 33. Nbxa5 Nh4 34. h3 Qg5 35. Qd1 Qe3+ 36. Kh1 Qf2 37. Ne7+ Kf8 38. Ng6+ Nxg6 39. Qg1 Nh4 0-1

[Event "EYCC Open-U18 2019"]
[Site "Bratislava"]
[Date "2019.08.04"]
[Round "3.34"]
[White "Boev, Viktor"]
[Black "Kaspar, Lukas"]
[Result "1/2-1/2"]
[ECO "B08"]
[WhiteElo "2246"]
[BlackElo "1886"]
[Annotator "NA"]
[PlyCount "85"]
[EventDate "2019.08.02"]
[EventType "swiss"]
[EventCountry "SVK"]
[SourceTitle "playchess.com"]
[Source "ChessBase"]
[SourceQuality "1"]
[TimeControl "40/5400+30:1800+30"]

1. e4 g6 2. d4 Bg7 3. Nf3 d6 4. Nc3 Nf6 5. Be3 O-O 6. Qd2 Nc6 7. O-O-O Nd7 8. g4 e5 9. d5 Ne7 10. Bh6 Nc5 11. Rg1 Bd7 12. Rg3 f6 13. Ne1 g5 14. Bxg7 Kxg7 15. Nd3 Nxd3+ 16. Qxd3 Ng6 17. h3 Nf4 18. Qc4 a6 19. Qb3 Qb8 20. Ne2 Nxe2+ 21. Bxe2 Qa7 22. Qe3 Qxe3+ 23. Rxe3 Rh8 24. Rc3 Rhc8 25. b3 b6 26. a4 Kf7 27. Kb2 Ke7 28. Rh1 Be8 29. h4 Bg6 30. f3 Kd7 31. h5 Bf7 32. a5 b5 33. Rc6 Kd8 34. b4 Be8 35. Rc3 Rcb8 36. Ka3 Ra7 37. Rd1 Rab7 38. Rb3 Ra7 39. c4 Kc8 40. Rc1 Kd8 41. Rbc3 Kc8 42. h6 Kd8 43. cxb5 1/2-1/2

[Event "EYCC Open-U18 2019"]
[Site "Bratislava"]
[Date "2019.08.04"]
[Round "3.35"]
[White "Baranciuc, Alexandr"]
[Black "Castillo Dalmau, Albert"]
[Result "1-0"]
[ECO "B23"]
[WhiteElo "1901"]
[BlackElo "2252"]
[Annotator "NA"]
[PlyCount "129"]
[EventDate "2019.08.02"]
[EventType "swiss"]
[EventCountry "SVK"]
[SourceTitle "playchess.com"]
[Source "ChessBase"]
[SourceQuality "1"]
[TimeControl "40/5400+30:1800+30"]

1. e4 c5 2. Nc3 e6 3. g3 d5 4. exd5 exd5 5. d4 cxd4 6. Qxd4 Nf6 7. Bg5 Be7 8. O-O-O Nc6 9. Qa4 Be6 10. Bg2 O-O 11. Nge2 Qb6 12. Be3 Bc5 13. Bxc5 Qxc5 14. Nd4 a6 15. Nce2 b5 16. Qb3 Na5 17. Qc3 Nc4 18. b3 Qa3+ 19. Kb1 b4 20. Qa1 Nb6 21. h4 Qa5 22. h5 h6 23. f3 Qc5 24. g4 Nh7 25. Ng3 Rac8 26. Bf1 a5 27. Bd3 Qc3 28. Ngf5 Qxa1+ 29. Kxa1 Rc7 30. f4 a4 31. Rdg1 Bxf5 32. Nxf5 f6 33. Re1 Rb8 34. Re3 axb3 35. cxb3 Nf8 36. Rhe1 Ra7 37. Ne7+ Kf7 38. Nc6 Rba8 39. Nxa7 Rxa7 40. g5 hxg5 41. fxg5 fxg5 42. Rf1+ Kg8 43. Re8 Nbd7 44. Bf5 Nf6 45. Rb8 Re7 46. Bg6 g4 47. Rxb4 g3 48. Rg1 Re3 49. a4 N6d7 50. Rb5 Ne6 51. Rxd5 Ndc5 52. Bc2 Na6 53. Rd3 Re5 54. Bd1 Kf7 55. Rdxg3 Nb4 56. Kb2 Rd5 57. Ka3 Nc6 58. Bf3 Rc5 59. Bxc6 Rxc6 60. Rf1+ Ke7 61. Re3 Kd7 62. Rf7+ Kd6 63. h6 gxh6 64. Rf6 Kd5 65. Rxh6 1-0

[Event "EYCC Open-U18 2019"]
[Site "Bratislava"]
[Date "2019.08.04"]
[Round "3.36"]
[White "Eftovski Mateo"]
[Black "Godzwon, Iwo"]
[Result "0-1"]
[ECO "E32"]
[WhiteElo "1726"]
[BlackElo "2285"]
[Annotator "NA"]
[PlyCount "100"]
[EventDate "2019.08.02"]
[EventType "swiss"]
[EventCountry "SVK"]
[SourceTitle "playchess.com"]
[Source "ChessBase"]
[SourceQuality "1"]
[TimeControl "40/5400+30:1800+30"]

1. d4 Nf6 2. c4 e6 3. Nc3 Bb4 4. Qc2 O-O 5. Nf3 b6 6. Bg5 Bb7 7. e3 h6 8. Bh4 d6 9. Be2 g5 10. Bg3 Ne4 11. O-O Bxc3 12. bxc3 f5 13. Nd2 Nd7 14. Rad1 Qf6 15. f3 Nxg3 16. hxg3 e5 17. Qa4 Qe7 18. e4 Nf6 19. exf5 exd4 20. cxd4 Nh5 21. Ne4 Bxe4 22. fxe4 Nxg3 23. Qc2 Nxf1 24. Rxf1 Rae8 25. Bd3 Qf6 26. Qf2 c5 27. dxc5 bxc5 28. Qf3 Rb8 29. e5 dxe5 30. Be4 Kg7 31. Qa3 Rf7 32. Qf3 Rd7 33. Bd5 Re7 34. Kh1 h5 35. Rd1 g4 36. Qe4 Rd7 37. Rd2 Rf8 38. Rf2 Rd6 39. Rb2 Qxf5 40. Rb7+ Kg6 41. Rxa7 Qxe4 42. Bxe4+ Kg5 43. g3 Rd4 44. Bd5 Rf2 45. Kg1 Rb2 46. Bg2 Rd1+ 47. Bf1 e4 48. Ra5 e3 49. Rxc5+ Kf6 50. Rc6+ Ke5 0-1

[Event "EYCC Open-U18 2019"]
[Site "Bratislava"]
[Date "2019.08.04"]
[Round "3.38"]
[White "Miesbauer, Jan"]
[Black "Easwaralingam, Adesh"]
[Result "1-0"]
[ECO "E06"]
[WhiteElo "2409"]
[BlackElo "2113"]
[Annotator "NA"]
[PlyCount "91"]
[EventDate "2019.08.02"]
[EventType "swiss"]
[EventCountry "SVK"]
[SourceTitle "playchess.com"]
[Source "ChessBase"]
[SourceQuality "1"]
[TimeControl "40/5400+30:1800+30"]

1. d4 Nf6 2. c4 e6 3. g3 d5 4. Nf3 Be7 5. Bg2 O-O 6. O-O dxc4 7. Qc2 a6 8. a4 Bd7 9. Qxc4 Bc6 10. Bf4 a5 11. Nc3 Na6 12. Rac1 Nb4 13. Rfd1 Bd6 14. Ne5 Bxg2 15. Kxg2 Nbd5 16. Bg5 Nb6 17. Qb3 Bb4 18. f3 h6 19. Be3 Qe7 20. Bf2 Rfd8 21. e4 Nbd7 22. Nd3 c6 23. Na2 e5 24. Naxb4 axb4 25. dxe5 Nxe5 26. Nxe5 Qxe5 27. Qxb4 Rxd1 28. Rxd1 b5 29. a5 Qe6 30. b3 Nd7 31. Qd6 Nf8 32. Qxe6 Nxe6 33. Bb6 Kf8 34. f4 Ke8 35. f5 Nf8 36. Rd6 Rc8 37. a6 Nd7 38. Be3 Ke7 39. Rd2 Kd8 40. a7 Ke7 41. b4 Ne5 42. Bc5+ Ke8 43. Bd6 Nc4 44. Bb8 Nb6 45. Kf3 Rd8 46. Bc7 1-0

[Event "EYCC Open-U18 2019"]
[Site "Bratislava"]
[Date "2019.08.04"]
[Round "3.39"]
[White "Parkhov, Yair"]
[Black "Bulockin, Martin"]
[Result "1-0"]
[ECO "A05"]
[WhiteElo "2354"]
[BlackElo "2210"]
[Annotator "NA"]
[PlyCount "77"]
[EventDate "2019.08.02"]
[EventType "swiss"]
[EventCountry "SVK"]
[SourceTitle "playchess.com"]
[Source "ChessBase"]
[SourceQuality "1"]
[TimeControl "40/5400+30:1800+30"]

1. Nf3 Nf6 2. c4 e6 3. g3 c5 4. Bg2 Nc6 5. O-O Be7 6. d4 cxd4 7. Nxd4 O-O 8. Nc3 a6 9. b3 Rb8 10. Bf4 Ra8 11. Rc1 h6 12. Na4 Nxd4 13. Qxd4 d6 14. Qd2 Rb8 15. Rfd1 b5 16. c5 e5 17. cxd6 exf4 18. Qxf4 Bg4 19. Nc5 Rb6 20. dxe7 Qxe7 21. Re1 b4 22. e4 Bc8 23. e5 Nd7 24. Nxd7 Bxd7 25. Qd4 Qe6 26. Bd5 Qg6 27. Be4 Qe6 28. Rc7 Bb5 29. Bd5 Rd6 30. Rd1 Rxd5 31. Qxd5 Qf5 32. e6 fxe6 33. Qxf5 exf5 34. Rdc1 Rf6 35. h4 f4 36. Ra7 Rg6 37. Rc8+ Kh7 38. Raa8 Rd6 39. h5 1-0

[Event "EYCC Open-U18 2019"]
[Site "Bratislava"]
[Date "2019.08.04"]
[Round "3.40"]
[White "Storme, Isak"]
[Black "Triantos, Konstantinos"]
[Result "0-1"]
[ECO "E20"]
[WhiteElo "2330"]
[BlackElo "2129"]
[Annotator "NA"]
[PlyCount "100"]
[EventDate "2019.08.02"]
[EventType "swiss"]
[EventCountry "SVK"]
[SourceTitle "playchess.com"]
[Source "ChessBase"]
[SourceQuality "1"]
[TimeControl "40/5400+30:1800+30"]

1. d4 Nf6 2. c4 e6 3. Nc3 Bb4 4. f3 d5 5. a3 Bxc3+ 6. bxc3 O-O 7. e3 Nc6 8. cxd5 exd5 9. Bd3 Re8 10. Ne2 Ne7 11. e4 dxe4 12. fxe4 Ng6 13. e5 Nd5 14. O-O Nxc3 15. Nxc3 Qxd4+ 16. Rf2 Qxc3 17. Bb2 Qc5 18. Rc1 Qe7 19. Qb3 c6 20. e6 Bxe6 21. Qc3 f6 22. Re1 Qf7 23. h4 Bd5 24. h5 Ne5 25. Be2 h6 26. Qg3 Kh8 27. Ref1 Qe6 28. Kh1 Rad8 29. Rf4 Rf8 30. Bg4 Nxg4 31. Rxg4 Rd7 32. Rg6 Be4 33. Rg4 Qd5 34. Qh4 Bh7 35. Kh2 Qb5 36. Rxf6 Rxf6 37. Bxf6 Qf5 38. Bc3 Bg8 39. Qg3 Be6 40. Bxg7+ Kh7 41. Rf4 Rxg7 42. Rxf5 Rxg3 43. Re5 Rxa3 44. Rxe6 Rb3 45. Re7+ Kg8 46. Re6 Kg7 47. Re7+ Kf6 48. Rh7 Kg5 49. Rg7+ Kxh5 50. g3 a5 0-1

[Event "EYCC Open-U18 2019"]
[Site "Bratislava"]
[Date "2019.08.04"]
[Round "3.41"]
[White "Polczyk, Mikolaj"]
[Black "Tisaj, Domen"]
[Result "0-1"]
[ECO "B32"]
[WhiteElo "2111"]
[BlackElo "2232"]
[Annotator "NA"]
[PlyCount "112"]
[EventDate "2019.08.02"]
[EventType "swiss"]
[EventCountry "SVK"]
[SourceTitle "playchess.com"]
[Source "ChessBase"]
[SourceQuality "1"]
[TimeControl "40/5400+30:1800+30"]

1. e4 c5 2. Nf3 Nc6 3. d4 cxd4 4. Nxd4 e5 5. Nb5 d6 6. N1c3 a6 7. Na3 b5 8. Nd5 Nf6 9. Bg5 Be7 10. Bxf6 Bxf6 11. c4 b4 12. Nc2 a5 13. g3 Bg5 14. h4 Bh6 15. Bh3 Bb7 16. Qh5 Ne7 17. O-O Nxd5 18. exd5 O-O 19. Bf5 Qf6 20. Ne3 Bc8 21. Bxc8 Raxc8 22. Ng4 Qg6 23. Qxg6 hxg6 24. Nxh6+ gxh6 25. b3 a4 26. Rfc1 a3 27. Re1 f5 28. Kg2 Kg7 29. f3 Kf6 30. f4 Rfe8 31. Kf2 Re7 32. fxe5+ dxe5 33. Rac1 e4 34. c5 Rec7 35. c6 Ke5 36. Red1 Kd6 37. Rc4 Rb8 38. Rd2 Rb5 39. Rcd4 Rc5 40. Ke2 g5 41. h5 Re7 42. Rc4 Rb5 43. Ke3 Rc7 44. Rcd4 Rc5 45. Ke2 Rc8 46. g4 f4 47. Rxe4 Rxd5 48. Rxb4 Re8+ 49. Kd1 Rxd2+ 50. Kxd2 f3 51. Rd4+ Kxc6 52. Rd3 Re2+ 53. Kd1 Rxa2 54. Rxf3 Rg2 55. Rc3+ Kb5 56. Rc1 a2 0-1

[Event "EYCC Open-U18 2019"]
[Site "Bratislava"]
[Date "2019.08.04"]
[Round "3.42"]
[White "Jakab, Bela"]
[Black "Horak, Jan"]
[Result "1-0"]
[ECO "A46"]
[WhiteElo "2278"]
[BlackElo "2020"]
[Annotator "NA"]
[PlyCount "91"]
[EventDate "2019.08.02"]
[EventType "swiss"]
[EventCountry "SVK"]
[SourceTitle "playchess.com"]
[Source "ChessBase"]
[SourceQuality "1"]
[TimeControl "40/5400+30:1800+30"]

1. d4 Nf6 2. Nf3 c5 3. c3 d5 4. a3 cxd4 5. cxd4 Nc6 6. Nc3 Bf5 7. Bf4 a6 8. e3 e6 9. Bd3 Bg6 10. Rc1 Bd6 11. Bxd6 Qxd6 12. O-O O-O 13. Bxg6 hxg6 14. Na4 Na5 15. Qd3 Nc4 16. Rc2 Rfc8 17. Rfc1 b5 18. Nc5 Nd7 19. Nxd7 Qxd7 20. Ne5 Qb7 21. Qd1 Nxe5 22. dxe5 Rc4 23. b3 Rcc8 24. h3 a5 25. Kh2 Kh7 26. Qd3 Rxc2 27. Qxc2 a4 28. b4 Rb8 29. Qc5 Rd8 30. Rc3 Rd7 31. Qd4 Qb8 32. Rc5 Rc7 33. Qc3 Rxc5 34. bxc5 f6 35. c6 Qc7 36. f4 g5 37. Qd3+ Kh6 38. Qxb5 gxf4 39. exf4 Qa7 40. Qe2 Qd4 41. Qg4 Qd2 42. exf6 gxf6 43. f5 exf5 44. Qxf5 Qc3 45. Qf4+ Kh7 46. Qh4+ 1-0

[Event "EYCC Open-U18 2019"]
[Site "Bratislava"]
[Date "2019.08.04"]
[Round "3.43"]
[White "Kizatbay, Abyl"]
[Black "Durica, Adam"]
[Result "1/2-1/2"]
[ECO "B10"]
[WhiteElo "2216"]
[BlackElo "1958"]
[Annotator "NA"]
[PlyCount "61"]
[EventDate "2019.08.02"]
[EventType "swiss"]
[EventCountry "SVK"]
[SourceTitle "playchess.com"]
[Source "ChessBase"]
[SourceQuality "1"]
[TimeControl "40/5400+30:1800+30"]

1. e4 c6 2. Nc3 d5 3. Nf3 Nf6 4. e5 Ne4 5. Ne2 Qb6 6. d4 e6 7. Nfg1 f6 8. exf6 Nxf6 9. Nf3 c5 10. c3 Nc6 11. a3 Bd6 12. Ng3 cxd4 13. cxd4 Na5 14. Bd3 Bd7 15. O-O O-O 16. Re1 Nb3 17. Rb1 Nxc1 18. Qxc1 h6 19. Qd2 Rac8 20. h3 Bxg3 21. fxg3 Ne4 22. Bxe4 dxe4 23. Rxe4 e5 24. Rxe5 Bf5 25. Rc1 Rxc1+ 26. Qxc1 Bxh3 27. Qc4+ Kh8 28. gxh3 Qxb2 29. Qd3 Qc1+ 30. Re1 Rxf3 31. Qxf3 1/2-1/2

[Event "EYCC Open-U18 2019"]
[Site "Bratislava"]
[Date "2019.08.04"]
[Round "3.44"]
[White "Panko, Eduard"]
[Black "Hurdzan, Tomas"]
[Result "1/2-1/2"]
[ECO "A01"]
[WhiteElo "2024"]
[BlackElo "2231"]
[Annotator "NA"]
[PlyCount "37"]
[EventDate "2019.08.02"]
[EventType "swiss"]
[EventCountry "SVK"]
[SourceTitle "playchess.com"]
[Source "ChessBase"]
[SourceQuality "1"]
[TimeControl "40/5400+30:1800+30"]

1. b3 d5 2. Bb2 Nf6 3. e3 c5 4. f4 g6 5. Nf3 Bg7 6. Bb5+ Bd7 7. Bxd7+ Nbxd7 8. O-O O-O 9. Qe1 b5 10. d3 Qb6 11. Nbd2 Rac8 12. Ne5 Nxe5 13. Bxe5 c4 14. Bd4 Qc7 15. Be5 Qb7 16. Nf3 cxd3 17. cxd3 b4 18. Qd2 Ne8 19. Rac1 1/2-1/2

[Event "EYCC Open-U18 2019"]
[Site "Bratislava"]
[Date "2019.08.04"]
[Round "3.45"]
[White "Marzo Pie, Xavier"]
[Black "Joensson, Jacob"]
[Result "0-1"]
[ECO "D35"]
[WhiteElo "2202"]
[BlackElo "1981"]
[Annotator "NA"]
[PlyCount "166"]
[EventDate "2019.08.02"]
[EventType "swiss"]
[EventCountry "SVK"]
[SourceTitle "playchess.com"]
[Source "ChessBase"]
[SourceQuality "1"]
[TimeControl "40/5400+30:1800+30"]

1. d4 Nf6 2. c4 e6 3. Nc3 d5 4. cxd5 exd5 5. Bg5 Be7 6. e3 c6 7. Qc2 Nbd7 8. Bd3 Nh5 9. Bxe7 Qxe7 10. Nge2 g6 11. h3 Nb6 12. Rc1 Ng7 13. O-O Bf5 14. Nf4 O-O 15. Rfe1 Rad8 16. b3 Qf6 17. Rcd1 Rfe8 18. Qd2 Bxd3 19. Nxd3 Nf5 20. a4 a6 21. a5 Nc8 22. Na4 Re7 23. Nac5 Ncd6 24. Qb4 Ne4 25. Rc1 Nfd6 26. Qb6 Ra8 27. Rc2 Kg7 28. Qb4 h5 29. Rd1 Nb5 30. Nxe4 Rxe4 31. Ne5 Qxe5 32. Qxb5 axb5 33. dxe5 Rxa5 34. Kf1 Rxe5 35. Ke2 Ra3 36. Rc3 Ra2+ 37. Rd2 Rxd2+ 38. Kxd2 Re8 39. Kd3 Ra8 40. Rc2 Kf6 41. Kd4 Ra3 42. b4 Ke6 43. Kc5 Kd7 44. Kb6 Kc8 45. Rd2 f5 46. Rd4 Ra6+ 47. Kc5 Kc7 48. Rf4 b6+ 49. Kd4 Kd6 50. g4 c5+ 51. Kc3 hxg4 52. hxg4 Ke5 53. gxf5 gxf5 54. Rh4 Ra3+ 55. Kb2 Ra4 56. Rh6 Rxb4+ 57. Kc3 Ra4 58. Rxb6 b4+ 59. Kb3 Ra3+ 60. Kb2 Rd3 61. Kc2 Rc3+ 62. Kd2 d4 63. Rb8 dxe3+ 64. fxe3 Ra3 65. Re8+ Kd5 66. Rf8 Ra2+ 67. Kc1 Ke4 68. Rc8 Kxe3 69. Rxc5 f4 70. Re5+ Kf2 71. Re4 f3 72. Rxb4 Kf1 73. Kd1 f2 74. Rg4 Ra5 75. Rg8 Rd5+ 76. Kc2 Ke2 77. Re8+ Kf3 78. Rf8+ Ke3 79. Kc3 Rc5+ 80. Kb4 Rc1 81. Re8+ Kd4 82. Rd8+ Ke5 83. Re8+ Kd6 0-1

[Event "EYCC Open-U18 2019"]
[Site "Bratislava"]
[Date "2019.08.04"]
[Round "3.46"]
[White "Johannsson, Birkir Isak"]
[Black "Gloser, David"]
[Result "1-0"]
[ECO "A05"]
[WhiteElo "1988"]
[BlackElo "2123"]
[Annotator "NA"]
[PlyCount "81"]
[EventDate "2019.08.02"]
[EventType "swiss"]
[EventCountry "SVK"]
[SourceTitle "playchess.com"]
[Source "ChessBase"]
[SourceQuality "1"]
[TimeControl "40/5400+30:1800+30"]

1. Nf3 Nf6 2. c4 g6 3. Nc3 d5 4. cxd5 Nxd5 5. Qb3 Nb6 6. d4 Bg7 7. e4 O-O 8. Be3 Bg4 9. Rd1 a5 10. Be2 a4 11. Qc2 Bxf3 12. Bxf3 Nc6 13. e5 Nb4 14. Qc1 c6 15. a3 N4d5 16. Bh6 f5 17. h4 f4 18. Bxg7 Kxg7 19. Ne4 Qc8 20. Qc2 Qf5 21. h5 Nc7 22. Qe2 Rh8 23. Bg4 Qf7 24. Ng5 Qd5 25. h6+ Kf8 26. O-O Qg8 27. Qe4 e6 28. Qxf4+ Ke7 29. Qf6+ Kd7 30. Nf7 Rf8 31. Qxh8 Qxf7 32. Qg7 Qxg7 33. hxg7 Rg8 34. Rd3 Rxg7 35. b3 Rg8 36. Rb1 Rb8 37. Bd1 axb3 38. Rdxb3 Nc4 39. Rxb7 Rxb7 40. Rxb7 Nxa3 41. Rb8 1-0

[Event "EYCC Open-U18 2019"]
[Site "Bratislava"]
[Date "2019.08.04"]
[Round "3.47"]
[White "Sadler, Michel"]
[Black "Nordquelle, Daniel"]
[Result "0-1"]
[ECO "D31"]
[WhiteElo "1766"]
[BlackElo "2181"]
[Annotator "NA"]
[PlyCount "66"]
[EventDate "2019.08.02"]
[EventType "swiss"]
[EventCountry "SVK"]
[SourceTitle "playchess.com"]
[Source "ChessBase"]
[SourceQuality "1"]
[TimeControl "40/5400+30:1800+30"]

1. d4 d5 2. c4 e6 3. Nc3 c6 4. e3 Nd7 5. Bd3 f5 6. g4 Ndf6 7. gxf5 exf5 8. Qb3 Bd6 9. Bd2 Ne7 10. Nh3 O-O 11. O-O-O Kh8 12. f3 a5 13. Nf2 dxc4 14. Bxc4 b5 15. Bd3 a4 16. Qc2 Be6 17. e4 Nd7 18. Bg5 fxe4 19. Nfxe4 Bb4 20. Nc5 Bxc5 21. dxc5 h6 22. Bh4 Qe8 23. Rhe1 Nxc5 24. Bf1 Ng6 25. Bf2 Nb7 26. Ne4 Qf7 27. Nc5 Nxc5 28. Bxc5 Rfd8 29. Bd3 Nf4 30. Be4 Bxa2 31. Rg1 Bb3 32. Rxd8+ Rxd8 33. Qf2 Nh3 0-1